3AA
GLENDALE HERONS @ SPRINGFIELD SHOOTERS
05/27/2025
 
TOP OF THE 1ST
Glendale Herons batting - Pitching for Springfield Shooters : RHP Ryan Peterson
Pitching: RHP Ryan Peterson
Batting: SHB Tom Oglander 0-0: Called Strike
0-1: Called Strike
0-2: Ball
1-2: Ball
2-2: Foul Ball, location: 2F
2-2: Ball
3-2: Foul Ball, location: 2F
3-2: Foul Ball, location: 2F
3-2: Strikes out swinging
Batting: RHB Luis Trevino 0-0: Swinging Strike
0-1: Ball
1-1: Called Strike
1-2: Ball
2-2: Strikes out swinging
Batting: RHB Frank Grimes 0-0: Ball
1-0: Ball
2-0: Called Strike
2-1: Ground out 4-3 (Groundball, 4)
Top of the 1st over - 0 run(s), 0 hit(s), 0 error(s), 0 left on base; Glendale 0 - Springfield 0
BOTTOM OF THE 1ST
Springfield Shooters batting - Pitching for Glendale Herons : RHP Rocky Lannan
Pitching: RHP Rocky Lannan
Batting: RHB Roland Deschain 0-0: Ball
1-0: SINGLE (Groundball, 34D)
Batting: RHB Marcos Adame 0-0: Called Strike
0-1: Ball
1-1: SINGLE (Flyball, 8LS)
Roland Deschain to second
Batting: LHB Fernando González 0-0: Ball
1-0: Ball
2-0: Ball
3-0: Called Strike
3-1: SINGLE (Groundball, 34D)
Roland Deschain to third
Marcos Adame to second
Runner from 3rd tries for Home, SAFE, no throw
Batting: RHB Javier Vásquez 0-0: Ball
1-0: SINGLE (Flyball, 9LS)
Marcos Adame to third
Fernando González to second
Batting: LHB José Ruíz 0-0: Called Strike
0-1: Ball
1-1: Ball
2-1: Foul Ball, location: 2F
2-2: Ball
3-2: Fly out, F8 (Flyball, 8LM)
Runner from 3rd tags up, SCORES, no throw
Batting: RHB Sergio Delgado 0-0: Fly out, F8 (Flyball, 8LM)
Batting: LHB Raúl Andrade 0-0: Ball
1-0: SINGLE (Groundball, 34D)
Fernando González to third
Javier Vásquez to second
Batting: RHB Tony Cantú 0-0: Fly out, F9 (Line Drive, 9D)
Bottom of the 1st over - 2 run(s), 5 hit(s), 0 error(s), 3 left on base; Glendale 0 - Springfield 2
TOP OF THE 2ND
Glendale Herons batting - Pitching for Springfield Shooters : RHP Ryan Peterson
Batting: RHB Santiago Ramos 0-0: Ball
1-0: Called Strike
1-1: Ball
2-1: Foul Ball, location: 2F
2-2: Strikes out looking
Batting: RHB José Masaferro 0-0: Called Strike
0-1: Called Strike
0-2: Ground out 4-3 (Groundball, 4)
Batting: RHB José Villegas 0-0: Foul Ball, location: 2F
0-1: Ball
1-1: Ball
2-1: Fly out, F8 (Line Drive, 8LM)
Top of the 2nd over - 0 run(s), 0 hit(s), 0 error(s), 0 left on base; Glendale 0 - Springfield 2
BOTTOM OF THE 2ND
Springfield Shooters batting - Pitching for Glendale Herons : RHP Rocky Lannan
Batting: LHB Guillermo Castro 0-0: Called Strike
0-1: Ball
1-1: Ball
2-1: SINGLE (Line Drive, 78S)
Batting: RHB Roland Deschain 0-0: Called Strike
0-1: Called Strike
0-2: Ball
1-2: SINGLE (Flyball, 9LS)
Guillermo Castro to second
Runner from 2nd tries for 3rd, SAFE, throw made to third
Batting: RHB Marcos Adame 0-0: Ball
1-0: SINGLE (Groundball, 34D)
Guillermo Castro scores
Roland Deschain to second
Runner from 2nd tries for 3rd, SAFE, no throw
Batting: LHB Fernando González 0-0: Ball
1-0: Ball
2-0: SINGLE (Line Drive, 8LS)
Roland Deschain scores
Marcos Adame to second
Batting: RHB Javier Vásquez 0-0: Ball
Marcos Adame steals 3rd base
Fernando González to second
1-0: Ball
2-0: Ball
3-0: Base on Balls
Batting: LHB José Ruíz 0-0: Called Strike
0-1: Swinging Strike
0-2: Fly out, F8 (Line Drive, 8RM)
Runner from 3rd tags up, SCORES, no throw
Batting: RHB Sergio Delgado 0-0: Ball
1-0: Called Strike
1-1: Ball
Wild Pitch!
Fernando González to third
Javier Vásquez to second
2-1: Foul Ball, location: 2F
2-2: SINGLE (Groundball, 56D)
Fernando González scores
Javier Vásquez to third
Runner from 3rd tries for Home, SAFE, no throw
Pitching: RHP Bob McGhee
Batting: LHB Raúl Andrade 0-0: Ball
Sergio Delgado is caught stealing 2nd base
1-0: Foul Ball, location: 2F
1-1: Swinging Strike
1-2: Foul Ball, location: 2F
1-2: Ball
2-2: Foul Ball, location: 2F
2-2: Strikes out swinging, 2-3 out at first.
Bottom of the 2nd over - 5 run(s), 5 hit(s), 0 error(s), 0 left on base; Glendale 0 - Springfield 7
TOP OF THE 3RD
Glendale Herons batting - Pitching for Springfield Shooters : RHP Ryan Peterson
Batting: RHB Ronald Drumpf 0-0: Ball
1-0: Called Strike
1-1: Swinging Strike
1-2: Ball
2-2: Foul Ball, location: 2F
2-2: Strikes out swinging
Batting: SHB Raúl Duarte 0-0: Called Strike
0-1: SINGLE (Flyball, 8LS)
Batting: RHB Lionel McCloud 0-0: Ball
1-0: Ball
2-0: Fly out, F7 (Flyball, 7S)
Batting: SHB Tom Oglander 0-0: Called Strike
0-1: Ball
1-1: Fielders Choice at 2nd, 4-6 (Groundball, 4)
Top of the 3rd over - 0 run(s), 1 hit(s), 0 error(s), 0 left on base; Glendale 0 - Springfield 7
BOTTOM OF THE 3RD
Springfield Shooters batting - Pitching for Glendale Herons : RHP Bob McGhee
Batting: RHB Tony Cantú 0-0: Called Strike
0-1: Ball
1-1: Ground out 6-3 (Groundball, 6M)
Batting: LHB Guillermo Castro 0-0: Called Strike
0-1: Ball
1-1: Swinging Strike
1-2: Ground out 1-3 (Groundball, 15S)
Batting: RHB Roland Deschain 0-0: Fly out, F9 (Flyball, 9LSF)
Bottom of the 3rd over - 0 run(s), 0 hit(s), 0 error(s), 0 left on base; Glendale 0 - Springfield 7
TOP OF THE 4TH
Glendale Herons batting - Pitching for Springfield Shooters : RHP Ryan Peterson
Batting: RHB Luis Trevino 0-0: Ground out 6-3 (Groundball, 6S)
Batting: RHB Frank Grimes 0-0: Ball
1-0: Swinging Strike
1-1: Foul Ball, location: 2F
1-2: Fly out, F5 (Line Drive, 56)
Batting: RHB Santiago Ramos 0-0: Fly out, F5 (Line Drive, 5S)
Top of the 4th over - 0 run(s), 0 hit(s), 0 error(s), 0 left on base; Glendale 0 - Springfield 7
BOTTOM OF THE 4TH
Springfield Shooters batting - Pitching for Glendale Herons : RHP Bob McGhee
Batting: RHB Marcos Adame 0-0: Swinging Strike
0-1: Ball
1-1: Ball
2-1: Ball
3-1: Foul Ball, location: 2F
3-2: Strikes out swinging
Batting: LHB Fernando González 0-0: Ball
1-0: SINGLE (Groundball, 6M) (infield hit)
Batting: RHB Javier Vásquez 0-0: Ball
1-0: Ball
2-0: Ground out 5-3 (Groundball, 56S)
Fernando González to second
Batting: LHB José Ruíz 0-0: Ball
1-0: Foul Ball, location: 2F
1-1: Ball
2-1: Ball
3-1: Base on Balls
Batting: RHB Sergio Delgado 0-0: Called Strike
0-1: Called Strike
0-2: Ball
1-2: Strikes out swinging
Bottom of the 4th over - 0 run(s), 1 hit(s), 0 error(s), 2 left on base; Glendale 0 - Springfield 7
TOP OF THE 5TH
Glendale Herons batting - Pitching for Springfield Shooters : RHP Ryan Peterson
Batting: RHB José Masaferro 0-0: Foul Ball, location: 2F
0-1: Fly out, F8 (Flyball, 8RM)
Batting: RHB José Villegas 0-0: Ball
1-0: Called Strike
1-1: Swinging Strike
1-2: Strikes out swinging
Batting: RHB Ronald Drumpf 0-0: Called Strike
0-1: Swinging Strike
0-2: Ball
1-2: Foul Ball, location: 2F
1-2: Ball
2-2: Fly out, F8 (Flyball, 89M)
Top of the 5th over - 0 run(s), 0 hit(s), 0 error(s), 0 left on base; Glendale 0 - Springfield 7
BOTTOM OF THE 5TH
Springfield Shooters batting - Pitching for Glendale Herons : RHP Bob McGhee
Batting: LHB Raúl Andrade 0-0: Ball
1-0: Foul Ball, location: 2F
1-1: Ball
2-1: Ball
3-1: Base on Balls
Batting: RHB Tony Cantú 0-0: Foul Ball, location: 2F
0-1: Fly out, F9 (Flyball, 9LSF)
Batting: LHB Guillermo Castro 0-0: Ball
1-0: Called Strike
1-1: Ball
2-1: Foul Ball, location: 2F
2-2: Foul Ball, location: 2F
2-2: 2-RUN HOME RUN (Flyball, 78XD), Distance : 416 ft
Batting: RHB Roland Deschain 0-0: Called Strike
0-1: Ball
1-1: Fly out, F9 (Flyball, 9S)
Batting: RHB Marcos Adame 0-0: Fly out, F6 (Popup, 56)
Bottom of the 5th over - 2 run(s), 1 hit(s), 0 error(s), 0 left on base; Glendale 0 - Springfield 9
TOP OF THE 6TH
Glendale Herons batting - Pitching for Springfield Shooters : RHP Ryan Peterson
Batting: SHB Raúl Duarte 0-0: Foul Ball, location: 2F
0-1: Called Strike
0-2: Ball
1-2: Foul Ball, location: 2F
1-2: Foul Ball, location: 2F
1-2: Ball
2-2: Ball
3-2: Strikes out looking
Batting: RHB Lionel McCloud 0-0: Ball
1-0: Called Strike
1-1: Swinging Strike
1-2: Foul Ball, location: 2F
1-2: Strikes out looking
Batting: SHB Tom Oglander 0-0: Ball
1-0: Ball
2-0: SINGLE (Groundball, 34D)
Batting: RHB Luis Trevino 0-0: Ball
1-0: Fly out, F8 (Flyball, 8RS)
Top of the 6th over - 0 run(s), 1 hit(s), 0 error(s), 1 left on base; Glendale 0 - Springfield 9
BOTTOM OF THE 6TH
Springfield Shooters batting - Pitching for Glendale Herons : RHP Bob McGhee
Pitching: RHP Ralph Harvey
Batting: LHB Fernando González 0-0: Ball
1-0: SINGLE (Line Drive, 78S)
Batting: RHB Javier Vásquez 0-0: Fly out, F8 (Line Drive, 8LXD)
Batting: LHB José Ruíz 0-0: Called Strike
0-1: Foul Ball, location: 2F
0-2: Ball
1-2: SINGLE (Line Drive, 4MD)
Fernando González to second
Batting: RHB Sergio Delgado 0-0: SINGLE (Groundball, 56D)
Fernando González to third
José Ruíz to second
Runner from 3rd tries for Home, SAFE, throw made home
José Ruíz to third
Sergio Delgado to second
Batting: LHB Raúl Andrade 0-0: Fly out, F7 (Flyball, 7LM)
Runner from 3rd tags up, SCORES, no throw
Batting: RHB Tony Cantú 0-0: Ball
1-0: Called Strike
1-1: Ground out 6-3 (Groundball, 6)
Bottom of the 6th over - 2 run(s), 3 hit(s), 0 error(s), 1 left on base; Glendale 0 - Springfield 11
TOP OF THE 7TH
Glendale Herons batting - Pitching for Springfield Shooters : RHP Ryan Peterson
Batting: RHB Frank Grimes 0-0: Ball
1-0: Foul Ball, location: 2F
1-1: Ball
2-1: Ball
Error on foul ball, E9
3-2: SINGLE (Line Drive, 89M)
Batting: RHB Santiago Ramos 0-0: Called Strike
0-1: Ball
1-1: Ball
2-1: Foul Ball, location: 2F
2-2: Foul Ball, location: 2F
2-2: Strikes out looking
Batting: RHB José Masaferro 0-0: Swinging Strike
0-1: Ball
1-1: Called Strike
1-2: Ball
2-2: Foul Ball, location: 2F
2-2: Foul Ball, location: 2F
2-2: Fielders Choice at 2nd, 3-6 (Groundball, 34)
Pitching: RHP Kozue Koga
Batting: RHB José Villegas 0-0: Ball
1-0: Foul Ball, location: 2F
1-1: Foul Ball, location: 2F
1-2: Foul Ball, location: 2F
1-2: Ball
2-2: Ball
3-2: Fly out, F7 (Flyball, 78S)
Top of the 7th over - 0 run(s), 1 hit(s), 1 error(s), 1 left on base; Glendale 0 - Springfield 11
BOTTOM OF THE 7TH
Springfield Shooters batting - Pitching for Glendale Herons : RHP Ralph Harvey
Batting: LHB Guillermo Castro 0-0: Ball
1-0: Ball
2-0: Ball
3-0: Base on Balls
Batting: RHB Roland Deschain
Pinch Hitting: SHB Eugene Bentley 0-0: Ball
1-0: SINGLE (Groundball, 56D)
Guillermo Castro to second
Batting: RHB Marcos Adame 0-0: Ball
1-0: Swinging Strike
1-1: Ball
2-1: Ball
3-1: Base on Balls
Guillermo Castro to third
Eugene Bentley to second
Batting: LHB Fernando González 0-0: Foul Ball, location: 2F
0-1: Ball
1-1: Ball
2-1: Ball
3-1: Foul Ball, location: 2F
3-2: Foul Ball, location: 2F
3-2: Base on Balls
Guillermo Castro scores
Eugene Bentley to third
Marcos Adame to second
Batting: RHB Javier Vásquez 0-0: Ball
1-0: SINGLE (Line Drive, 56D)
Eugene Bentley scores
Marcos Adame to third
Fernando González to second
Pitching: RHP Allen Carlson
Batting: LHB José Ruíz 0-0: Swinging Strike
0-1: Ball
1-1: Grounds into double play, 6-4-3 (Groundball, 6)
Marcos Adame scores
Fernando González to third
Batting: RHB Sergio Delgado 0-0: Ball
1-0: Foul Ball, location: 2F
1-1: Called Strike
1-2: Ball
2-2: Foul Ball, location: 2F
2-2: Foul Ball, location: 2F
2-2: Strikes out swinging
Bottom of the 7th over - 3 run(s), 2 hit(s), 0 error(s), 1 left on base; Glendale 0 - Springfield 14
TOP OF THE 8TH
Glendale Herons batting - Pitching for Springfield Shooters : RHP Kozue Koga
Now at SS: Johnny Bryant
Now in CF: Steve Ladner
Batting: RHB Ronald Drumpf 0-0: Ball
1-0: SINGLE (Groundball, 6MD)
Batting: SHB Raúl Duarte 0-0: SINGLE (Line Drive, 89S)
Ronald Drumpf to second
Throwing error, E9
Ronald Drumpf scores
Raúl Duarte to second
Batting: RHB Lionel McCloud 0-0: Ball
1-0: Called Strike
1-1: DOUBLE (Line Drive, 8LXD)
Raúl Duarte scores
Batting: SHB Tom Oglander 0-0: Fly out, F6 (Popup, 6D)
Batting: RHB Luis Trevino 0-0: Ball
1-0: Swinging Strike
1-1: Swinging Strike
1-2: Ball
2-2: Ball
3-2: Base on Balls
Batting: RHB Frank Grimes 0-0: Fly out, F8 (Flyball, 8LS)
Batting: RHB Santiago Ramos 0-0: Ball
1-0: Called Strike
1-1: Ball
2-1: Fly out, F8 (Flyball, 8RD)
Top of the 8th over - 2 run(s), 3 hit(s), 1 error(s), 2 left on base; Glendale 2 - Springfield 14
BOTTOM OF THE 8TH
Springfield Shooters batting - Pitching for Glendale Herons : RHP Allen Carlson
Batting: LHB Raúl Andrade 0-0: Swinging Strike
0-1: Ball
1-1: SINGLE (Line Drive, 4MD)
Batting: RHB Tony Cantú 0-0: Foul Ball, location: 2F
0-1: Ball
1-1: Swinging Strike
1-2: Foul Ball, location: 2F
1-2: Ball
2-2: Foul Ball, location: 2F
2-2: Foul Ball, location: 2F
2-2: SINGLE (Line Drive, 9S)
Raúl Andrade to second
Batting: LHB Guillermo Castro 0-0: Ball
1-0: Called Strike
1-1: Ball
Wild Pitch!
Raúl Andrade to third
Tony Cantú to second
2-1: Ball
3-1: SINGLE (Groundball, 2L) (infield hit)
Raúl Andrade scores
Tony Cantú to third
Batting: RHB Johnny Bryant 0-0: Foul Ball, location: 2F
0-1: Ball
1-1: Grounds into double play, 4-6-3 (Groundball, 4)
Tony Cantú scores
Batting: RHB Marcos Adame 0-0: Called Strike
0-1: Ball
1-1: SINGLE (Line Drive, 7LS)
Batting: LHB Fernando González 0-0: Swinging Strike
0-1: Called Strike
Pickoff Throw to First - Out!
Bottom of the 8th over - 2 run(s), 4 hit(s), 0 error(s), 0 left on base; Glendale 2 - Springfield 16
TOP OF THE 9TH
Glendale Herons batting - Pitching for Springfield Shooters : RHP Kozue Koga
Now in RF: Juan Hernández
Batting: RHB José Masaferro 0-0: Called Strike
0-1: Foul Ball, location: 2F
0-2: SINGLE (Line Drive, 56)
Batting: RHB José Villegas 0-0: Ball
1-0: Fly out, F8 (Line Drive, 8RD)
Pinch Hitting: RHB Héctor Moreno 0-0: Ball
1-0: Ball
2-0: Called Strike
2-1: Foul Ball, location: 2F
2-2: Ball
3-2: Ground out 6-3 (Groundball, 6)
José Masaferro to second
Batting: SHB Raúl Duarte 0-0: Called Strike
0-1: Ball
1-1: Foul Ball, location: 2F
1-2: Ball
2-2: Strikes out swinging
Top of the 9th over - 0 run(s), 1 hit(s), 0 error(s), 1 left on base; Glendale 2 - Springfield 16
Friday, December 30th, 2016 - OOTP Baseball 17.12 Build 75